 Dungeon Crawl Stone Soup version 0.25.1-9-gc5326a611f (webtiles) character file.

Game seed: 9189794034011999341

1622 pokeman the Thaumaturge (level 8, -1/44 HPs)
             Began as a Deep Elf Wizard on Dec 24, 2020.
             Slain by a hound (5 damage)
             ... on level 5 of the Dungeon.
             The game lasted 00:17:51 (7401 turns).

pokeman the Thaumaturge (Deep Elf Wizard)           Turns: 7401, Time: 00:17:52

Health: -1/44      AC:  5    Str:  4    XL:     8   Next: 65%
Magic:  3/24       EV: 12    Int: 26    God:
Gold:   369        SH:  5    Dex: 13    Spells: 16/27 levels left

rFire    . . .     SeeInvis .   y - +0 flail (venom)
rCold    . . .     Gourm    .   (no shield)
rNeg     . . .     Faith    .   l - +0 leather armour
rPois    .         Spirit   .   n - +0 helmet
rElec    .         Reflect  +   (no cloak)
rCorr    .         Harm     .   r - +0 pair of gloves
MR       .....                  (no boots)
Stlth    ++........             q - amulet of reflection
HPRegen  0.14/turn              (no ring)
MPRegen  0.19/turn              (no ring)

@: lethally poisoned (-1 -> -2), very slightly contaminated
A: no striking features
a: no special abilities


You were on level 5 of the Dungeon.
You were not hungry.

You visited 2 branches of the dungeon, and saw 6 of its levels.

You collected 369 gold pieces.

Inventory:

Hand Weapons
 y - a +0 flail of venom (weapon)
Missiles
 g - 43 bolts
 w - 69 arrows
Armour
 l - a +0 leather armour (worn)
 n - a +0 helmet (worn)
 r - a +0 pair of gloves (worn)
Magical Staves
 a - an uncursed staff of poison {unknown}
Jewellery
 q - an amulet of reflection (around neck)
 A - a cursed +4 ring of protection
Wands
 t - a wand of polymorph (9)
Scrolls
 c - a scroll of blinking {unknown}
 e - a scroll of fog {unknown}
 f - 7 scrolls of remove curse {unknown}
 h - 4 scrolls of identify {unknown}
 p - a scroll of random uselessness {unknown}
 s - a scroll of amnesia {unknown}
 x - 2 scrolls of immolation {unknown}
 z - a scroll of enchant armour {unknown}
Potions
 b - a potion of brilliance {unknown}
 i - a potion of resistance {unknown}
 j - 4 potions of curing
 k - a potion of heal wounds {unknown}
 m - 2 potions of mutation {unknown}
 u - a potion of degeneration {unknown}
 v - 3 potions of might {unknown}
Comestibles
 d - 4 rations


   Skills:
 - Level 2.0 Fighting
 + Level 2.9 Armour
 - Level 3.0 Dodging
 - Level 3.0 Stealth
 * Level 10.0 Spellcasting
 + Level 5.3 Conjurations
 - Level 1.1 Summonings
 - Level 1.1 Translocations
 + Level 4.4 Fire Magic
 - Level 1.0 Air Magic
 - Level 1.2 Poison Magic


You had 16 spell levels left.
You knew the following spells:

 Your Spells              Type           Power        Failure   Level  Hunger
a - Magic Dart            Conj           ####         1%          1    None
b - Mephitic Cloud        Conj/Pois/Air  ####....     9%          3    None
c - Call Imp              Summ           ###.....     8%          2    None
d - Blink                 Tloc           N/A          8%          2    None
e - Conjure Flame         Conj/Fire      #####...     3%          3    None

Your spell library contained the following spells:

 Spells                   Type           Power        Failure   Level  Hunger
 Slow                     Hex            ##......     12%         2    None


Dungeon Overview and Level Annotations

Branches:
Dungeon (5/15)             Temple (1/1) D:4

Altars:
Ashenzari
Cheibriados
Dithmenos
Elyvilon
Gozag
Hepliaklqana
Kikubaaqudgha
Makhleb
Nemelex Xobeh
Okawaru
Qazlal
Ru
Sif Muna
Trog
Uskayaw
Wu Jian
Xom
Yredelemnul
Zin


Message History

Press: ? - help, Shift-Dir - straight line, f/p - orc priest
Aim: an orc priest, wielding a +0 mace and wearing a +0 chain mail (almost dead, poisoned)
The magic dart hits the orc priest but does no damage.
The orc priest is almost dead.
You kill the orc priest!
The hound misses you.
A hound is nearby!
Casting: Magic Dart (safe; 1% risk of failure)
Confirm with . or Enter, or press ? or * to list all spells.
You blink.
Found a notched iron ring.
Casting: Blink (safe; 8% risk of failure)
Confirm with . or Enter, or press ? or * to list all spells.
Aiming: Mephitic Cloud (dangerous; 9% risk of failure)
Press: ? - help, Shift-Dir - straight line, f - hound
Aim: a hound You miscast Mephitic Cloud.
You are very lightly contaminated with residual magic.
Nothing appears to happen.
The hound bites you.
You die...

... .. .. . .# ..#
#.##.# .### #.##.....#
..... ##.#@.#.#
#...###..h=#..# ..
.[.......##..## ....
#..........#
....##..#..)...##
........##.ยง)...###
...........#..........
......###.>###.###...
# ##........# #.# #


You could see a hound.

Vanquished Creatures
  Sigmund (D:5)
  Eustachio (D:4)
  Edmund (D:5)
  Menkaure (D:5)
  4 ogres
  3 scorpions (D:4)
  3 hounds
  A jelly (D:5)
  2 orc priests (D:5)
  A bullfrog skeleton (D:5)
  A centaur skeleton (D:5)
  An orc wizard (D:2)
  4 worker ants
  Robin (D:3)
  11 adders
  An ooze (D:3)
  An adder skeleton (D:5)
  5 worms
  2 dart slugs (D:2)
  4 leopard geckos
  15 orcs
  2 ball pythons
  5 giant cockroaches
  16 goblins
  7 hobgoblins
  5 jackals
  3 quokkas
  11 bats
  12 frilled lizards
  A giant cockroach zombie (D:5)
  10 kobolds
  3 rats
139 creatures vanquished.

Vanquished Creatures (collateral kills)
  A hobgoblin (D:3)
  2 jackals (D:1)
3 creatures vanquished.

Vanquished Creatures (others)
  A worker ant (D:5)
  4 toadstools (D:5)
5 creatures vanquished.

Grand Total: 147 creatures vanquished

Notes
Turn   | Place    | Note
-------+----------+-------------------------------------------
     0 | D:1      | pokeman the Deep Elf Wizard began the quest for the Orb.
     0 | D:1      | Reached XP level 1. HP: 10/10 MP: 7/7
   470 | D:1      | Reached XP level 2. HP: 15/15 MP: 6/9
  1096 | D:2      | Reached skill level 5 in Spellcasting
  1207 | D:2      | Reached XP level 3. HP: 20/20 MP: 5/11
  1226 | D:1      | Learned a level 3 spell: Mephitic Cloud
  1229 | D:1      | Learned a level 2 spell: Call Imp
  1232 | D:1      | Learned a level 2 spell: Blink
  1236 | D:1      | Learned a level 3 spell: Conjure Flame
  1451 | D:2      | Reached skill level 1 in Armour
  1557 | D:2      | Reached skill level 1 in Fighting
  1712 | D:1      | HP: 1/20 [jackal (1)]
  2289 | D:2      | Reached XP level 4. HP: 20/25 MP: 0/13
  2603 | D:2      | Reached skill level 1 in Fire Magic
  3219 | D:3      | Reached XP level 5. HP: 29/29 MP: 12/15
  3269 | D:3      | Reached skill level 6 in Spellcasting
  3418 | D:3      | Reached skill level 1 in Air Magic
  3713 | D:3      | Found an ancient bone altar of Kikubaaqudgha.
  3825 | D:3      | Found a glowing silver altar of Zin.
  3833 | D:3      | Found a shimmering altar of Xom.
  3836 | D:3      | Found a hide-covered altar of Uskayaw.
  3836 | D:3      | Found a sparkling altar of Nemelex Xobeh.
  4114 | D:3      | Noticed Robin
  4159 | D:3      | Killed Robin
  4413 | D:4      | Noticed an ogre
  4425 | D:4      | Killed an ogre
  4425 | D:4      | Reached skill level 1 in Poison Magic
  4425 | D:4      | Reached XP level 6. HP: 33/34 MP: 4/17
  4587 | D:4      | Found a staircase to the Ecumenical Temple.
  4599 | Temple   | Entered the Ecumenical Temple
  4687 | D:4      | Noticed Eustachio
  4875 | D:4      | Reached skill level 7 in Spellcasting
  5066 | D:4      | Killed Eustachio
  5104 | D:4      | Reached XP level 7. HP: 39/39 MP: 16/20
  5843 | D:4      | Reached skill level 8 in Spellcasting
  6242 | D:5      | Entered Level 5 of the Dungeon
  6242 | D:5      | Noticed Menkaure
  6283 | D:5      | Killed Menkaure
  6698 | D:5      | Noticed Edmund
  6703 | D:5      | Reached XP level 8. HP: 32/44 MP: 12/22
  6722 | D:5      | Killed Edmund
  6722 | D:5      | Reached skill level 9 in Spellcasting
  6761 | D:5      | HP: 2/44 [poisoned by Edmund]
  7136 | D:5      | Reached skill level 5 in Conjurations
  7318 | D:5      | Noticed Sigmund
  7334 | D:5      | Killed Sigmund
  7385 | D:5      | Reached skill level 10 in Spellcasting
  7401 | D:5      | Slain by a hound

Illustrated notes

Levels and vault maps discovered:
D:1:      shiori_arrival_elements, layout_basic
D:2:      minmay_evil_eye, layout_rooms, first_ration
D:3:      layout_basic, grunt_temple_overflow_open, lemuel_tele_altar,
          uniq_robin
D:4:      minmay_opposing_rooms, layout_basic, minmay_temple_entry_waves,
          uniq_eustachio
D:5:      layout_rooms, minmay_gold_behind_fungi, uniq_edmund, uniq_menkaure,
          uniq_sigmund
Temple:   zaba_magenta_temple

Skill      XL: |  1  2  3  4  5  6  7  8 |
---------------+-------------------------+-----
Spellcasting   | 5 6 7 8 10 | 10.0
Armour         | 1 2 |  2.9
Fighting       | 1 2 |  2.0
Conjurations   | 2 3 4 5 |  5.3
Fire Magic     | 1 2 3 4 |  4.4
Dodging        | 3 |  3.0
Air Magic      | 1 |  1.0
Stealth        | 3 |  3.0
Poison Magic   | 1 |  1.2
Summonings     | |  1.1
Translocations | |  1.1

Action                   |  1- 3 |  4- 6 |  7- 9 || total
-------------------------+-------+-------+-------++-------
Melee: Unarmed           |    16 |     2 |       ||    18
       Falchion          |       |    36 |    11 ||    47
       Flail             |       |       |    26 ||    26
 Cast: Magic Dart        |   104 |   164 |   131 ||   399
       Mephitic Cloud    |     2 |     6 |    12 ||    20
       Call Imp          |     1 |     2 |     1 ||     4
       Conjure Flame     |     1 |     2 |    10 ||    13
       Blink             |       |       |     3 ||     3
 Stab: Confused          |     2 |     4 |     2 ||     8
       Distracted        |       |       |     1 ||     1
  Eat: Chunk             |     4 |     8 |     4 ||    16
       Ration            |       |       |     1 ||     1
Armor: Robe              |     7 |     1 |       ||     8
       Leather armour    |       |    11 |     9 ||    20
Dodge: Dodged            |    41 |    34 |    30 ||   105
Block: Other             |       |    14 |    12 ||    26
       Reflection        |       |       |     2 ||     2
       Rpst.: Falchion   |       |    11 |     3 ||    14
